 Dungeon Crawl Stone Soup version 0.29-a0-819-g94b489e0ae (webtiles) character file.

Game seed: 13783567031979327458

0 s0urpup the Chiller (level 1, 13/13 HPs)
             Began as a Human Ice Elementalist on July 6, 2022.
             Quit the game on level 1 of the Dungeon.
             The game lasted 00:01:14 (132 turns).

s0urpup the Chiller (Human Ice Elementalist)         Turns: 132, Time: 00:01:14

Health: 13/13      AC:  2    Str:  8    XL:     1   Next: 11%
Magic:  3/3        EV: 12    Int: 15    God:
Gold:   38         SH:  0    Dex: 13    Spells: 3/4 levels left

rFire   . . .      SeeInvis .   (no weapon)
rCold   . . .      Faith    .   (no shield)
rNeg    . . .      Spirit   .   a - +0 robe
rPois   .          Reflect  .   (no helmet)
rElec   .          Harm     .   (no cloak)
rCorr   .          Rampage  .   (no gloves)
Will    .....                   (no boots)
Stlth   ++........              (no amulet)
HPRegen 0.04/turn               (no ring)
MPRegen 0.08/turn               (no ring)

@: no status effects
A: no striking features
a: no special abilities


You were on level 1 of the Dungeon.
You visited 1 branch of the dungeon, and saw 1 of its levels.

You collected 38 gold pieces.

Inventory:

Armour
 a - a +0 robe (worn)
 f - a +0 ring mail
Scrolls
 c - a scroll of magic mapping {unknown}
Potions
 b - a potion of magic
 d - a potion of attraction {unknown}
 e - a potion of degeneration {unknown}


   Skills:
 + Level 2.0 Dodging
 + Level 2.0 Stealth
 + Level 2.0 Spellcasting
 + Level 4.0 Ice Magic


You had 3 spell levels left.
You knew the following spells:

 Your Spells              Type           Power      Damage    Failure   Level
a - Freeze                Ice            52%        1d7       4%          1

Your spell library contained the following spells:

 Spells                   Type           Power      Damage    Failure   Level
 Frozen Ramparts          Ice            26%        1d4       13%         3
 Ozocubu's Armour         Ice            13%        N/A       13%         3
 Hailstorm                Conj/Ice       7%         3d4       67%         4


Dungeon Overview and Level Annotations

Branches:
Dungeon (1/15)

Altars:


Message History

Welcome, s0urpup the Human Ice Elementalist.
Will you prevail where others failed? Will you find the Orb of Zot?
Press ? for a list of commands and other information.
Found a yellow potion.
Found two stairs.
A frilled lizard comes into view.
You see here a yellow potion.
Found a scroll labelled LAUNOVABOH.
The frilled lizard barely misses you.
You hit the frilled lizard.
You kill the frilled lizard!
You see here a frilled lizard corpse.
c - a scroll labelled LAUNOVABOH You see here a frilled lizard corpse.
d - a yellow potion
Found a bubbling brown potion.
Found 13 gold pieces.
Found 15 gold pieces.
You now have 13 gold pieces.
You now have 28 gold pieces (gained 15).
e - a bubbling brown potion
Found 10 gold pieces.
Found a ring mail.
You now have 38 gold pieces (gained 10).
You see here a +0 ring mail.
You see here a +0 ring mail.
You see here a +0 ring mail.
f - a +0 ring mail Char dumped successfully.
Are you sure you want to abandon this character and quit the game? (Confirm with "yes".)

#...## ...##. #....## ......
#.....##...... #...........##
####.............
........#.################
..###...#................ #
#...##...######......###
###.#..#.......@.........
##...#..#...##..##......##..#
#.......#....................
#.......############><#######
..........###.##.............
.......#####.........#.......
.......# #......##.........
.......# #......####...####
......## #......# ..##


There were no monsters in sight!

Vanquished Creatures
  A frilled lizard (D:1)
1 creature vanquished.

Notes
Turn   | Place    | Note
-------+----------+-------------------------------------------
     0 | D:1      | s0urpup the Human Ice Elementalist began the quest for the
                  | Orb.
     0 | D:1      | Reached XP level 1. HP: 13/13 MP: 3/3
   132 | D:1      | Quit the game

Illustrated notes

Levels and vault maps discovered:
D:1:      dpeg_arrival_line_fractal, layout_rooms

Action                   || total
-------------------------++-------
Melee: Unarmed           ||     1
Dodge: Dodged            ||     1

Table legend: (Time is in decaauts)
 A = Elapsed time spent in this place.
 B = Non-inter-level travel time spent in this place.
 C = Inter-level travel time spent in this place.
 D = Time resting spent in this place.
 E = Time spent auto-exploring this place.
 F = Levels seen in this place.
 G = Mean time per level.
                   A        B        C        D        E       F      G
               +--------+--------+--------+--------+--------+-----+--------+
         Total |    132 |      8 |    124 |      0 |      0 |   1 |  132.0 |
       Dungeon |    132 |      8 |    124 |      0 |      0 |   1 |  132.0 |
               +--------+--------+--------+--------+--------+-----+--------+

Top non-repeatable levels by time:
     D:1: 132 daAuts
